 Dungeon Crawl Stone Soup version 0.23-a0-395-gcf17ac6 (console) character file.

1208 bli the Basher (level 8, -7/76 HPs)
             Began as a Gargoyle Fighter on Oct 27, 2018.
             Was a Follower of Okawaru.
             Mangled by Menkaure (14 damage)
             ... on level 6 of the Dungeon on Nov 1, 2018.
             The game lasted 00:24:13 (5242 turns).

bli the Basher (Gargoyle Fighter)                   Turns: 5242, Time: 00:24:14

Health: -7/76      AC: 15    Str: 26    XL:     8   Next: 45%
Magic:  8/8        EV: 11    Int:  9    God:    Okawaru [*.....]
Gold:   264        SH:  4    Dex: 10    Spells: 7/7 levels left

rFire    + . .     SeeInvis +   a - +0 morningstar
rCold    . . .     Gourm    .   i - +0 buckler
rNeg     + . .     Faith    .   Q - +2 leather armour {rF+}
rPois    ∞         Spirit   .   y - +0 helmet
rElec    +         Reflect  .   R - +1 cloak {+Inv}
rCorr    .         Harm     .   o - +0 pair of gloves
MR       .....                  (no boots)
Stlth    ..........             (no amulet)
HPRegen  0.22/turn              r - ring of stealth
MPRegen  0.11/turn              h - ring of see invisible

@: berserking, very quick
A: negative energy resistance 1, electricity resistance, unbreathing,
petrification resistance, rot immunity, AC +5
a: Heroism, Renounce Religion, Evoke Invisibility


You were on level 6 of the Dungeon.
You worshipped Okawaru.
Okawaru was aware of your devotion.
You were not hungry.

You visited 1 branch of the dungeon, and saw 6 of its levels.

You collected 264 gold pieces.

Inventory:

Hand Weapons
 a - a +0 morningstar (weapon)
 b - a +1 whip of draining
 c - a +2 hunting sling of freezing
 A - a +2 dagger of protection
 H - a +4 quarterstaff of chaos
 J - a +0 flail
 N - a +3 hand axe of chopping
Missiles
 k - 91 stones (quivered)
 M - 12 sling bullets
Armour
 i - a +0 buckler (worn)
 j - a +0 leather armour
 o - a +0 pair of gloves (worn)
 v - a +0 ring mail
 y - a +0 helmet (worn)
 B - a +0 scale mail
 C - a +2 animal skin
 D - a +0 helmet
 G - a +0 chain mail
 I - a +0 cloak
 O - a +0 shield
 Q - a +2 leather armour of fire resistance (worn)
 R - a +1 cloak of invisibility (worn)
Jewellery
 h - a ring of see invisible (right hand)
 r - a ring of stealth (left hand)
 T - an uncursed ring of ice
 U - an uncursed ring of wizardry
Wands
 s - a wand of clouds (7)
Scrolls
 l - 2 scrolls of fear {unknown}
 p - 3 scrolls of teleportation
 q - a scroll of fog {unknown}
 w - a scroll of noise {unknown}
 x - a scroll of blinking
 z - a scroll of immolation {unknown}
 L - 2 scrolls of magic mapping
 P - 2 scrolls of amnesia {unknown}
 S - 2 scrolls of remove curse
Potions
 d - a potion of might
 g - 2 potions of resistance {unknown}
 n - 2 potions of haste {unknown}
 t - a potion of magic {unknown}
 u - a potion of degeneration {unknown}
 E - 2 potions of curing
 F - a potion of agility
 V - a potion of lignification {unknown}
Comestibles
 f - 6 rations
 m - 2 chunks of flesh


   Skills:
 * Level 5.9 Fighting
 + Level 8.1 Maces & Flails
 + Level 4.7 Armour
 + Level 4.0 Shields


You had 7 spell levels left.
You didn't know any spells.
Your spell library was empty.

Dungeon Overview and Level Annotations

Branches:
Dungeon (6/15)
 Temple: D:4-7

Altars:
Cheibriados
Dithmenos
Gozag
Hepliaklqana
Okawaru
Trog
The Shining One

Annotations:
D:6 Menkaure


Innate Abilities, Weirdness & Mutations

You are resistant to torment.
Your stone body is resilient. (AC +5)
You are immune to poison.
You resist negative energy. (rN+)
You are resistant to electric shocks. (rElec)
You can survive without breathing.
You are immune to petrification.
You are immune to rotting.


Message History

You kill the orc!
Okawaru accepts your kill.
You puncture the quokka!
You kill the quokka!
Okawaru accepts your kill.
You completely miss Menkaure. Menkaure hits you. Menkaure hits you!
You barely miss Menkaure. You block Menkaure's attack.
You closely miss Menkaure. You block Menkaure's attack.
You hit Menkaure.
Menkaure is moderately damaged.
Menkaure calls on the powers of darkness!
The orc wizard convulses!
Your body is wracked with pain!
Menkaure hits you!!
* * * LOW HITPOINT WARNING * * *
You hit Menkaure but do no damage.
Menkaure is moderately damaged.
Menkaure hits you!
* * * LOW HITPOINT WARNING * * *
A red film seems to cover your vision as you go berserk!
You feel yourself moving faster!
You feel mighty! Menkaure hits you!
You die...

### #.# #.######### ####
####.......)(# ...
#....#######(### ##
####.##..#.#.@..)..)(##### ..
#..........#M#####(#(#...
...#...........o#####.#(##.######
...#.####.M.#.........#(##.#.....
......###.###...).......(..#.####
#...#...##...........##.#.#<..
##....._..#....#####..##.#.####
###....#.........# #..##.#.....
.....o####.......# #..##()#####
####..####.......# #..........#
#...#.#....... #...#...##.#


You could see Menkaure and an orc wizard (invisible).

Vanquished Creatures
  3 phantoms
  2 centaurs
  An ogre (D:4)
  A big kobold (D:6)
  A crimson imp (D:5)
  A bullfrog skeleton (D:5)
  A hound (D:6)
  2 orc priests
  Crazy Yiuf (D:3)
  A centaur skeleton (D:3)
  2 iguanas
  An orc wizard (D:4)
  2 worker ants
  Terence (D:3)
  Robin (D:3)
  3 gnolls
  10 adders
  2 shadow imps
  3 worms
  4 leopard geckos
  12 orcs
  3 ball pythons (D:1)
  9 giant cockroaches
  14 goblins
  9 hobgoblins
  14 jackals
  12 kobolds
  7 quokkas
  3 bats
  4 frilled lizards
  12 rats
142 creatures vanquished.

Notes
Turn   | Place    | Note
-------+----------+-------------------------------------------
     0 | D:1      | bli the Gargoyle Fighter began the quest for the Orb.
     0 | D:1      | Reached XP level 1. HP: 14/14 MP: 1/1
   317 | D:1      | Reached XP level 2. HP: 19/19 MP: 2/2
   367 | D:1      | Reached skill level 3 in Maces & Flails
   569 | D:1      | Reached XP level 3. HP: 24/24 MP: 3/3
  1429 | D:2      | Found an opulent altar of Gozag.
  1560 | D:2      | Reached XP level 4. HP: 28/29 MP: 4/4
  1716 | D:2      | Found a glowing golden altar of the Shining One.
  1971 | D:3      | Noticed Terence
  2086 | D:2      | Reached skill level 4 in Maces & Flails
  2200 | D:3      | Reached XP level 5. HP: 33/33 MP: 5/5
  2230 | D:3      | Noticed Robin
  2260 | D:3      | Killed Robin
  2766 | D:3      | Killed Terence
  2824 | D:3      | Found a runed door.
  2828 | D:3      | Noticed Crazy Yiuf
  2833 | D:3      | Killed Crazy Yiuf
  2833 | D:3      | Reached skill level 5 in Maces & Flails
  2833 | D:3      | Reached XP level 6. HP: 14/38 MP: 6/6
  2985 | D:3      | Found an iron altar of Okawaru.
  2999 | D:3      | Became a worshipper of Warmaster Okawaru
  3137 | D:4      | Noticed a phantom
  3188 | D:4      | Killed a phantom
  3193 | D:4      | Reached skill level 6 in Maces & Flails
  3255 | D:4      | Found a hazy altar of Hepliaklqana.
  3457 | D:4      | Reached XP level 7. HP: 40/43 MP: 7/7
  3991 | D:4      | Found a shadowy altar of Dithmenos.
  4188 | D:5      | Entered Level 5 of the Dungeon
  4265 | D:5      | Reached * piety under Okawaru
  4265 | D:5      | Reached skill level 5 in Fighting
  4265 | D:5      | Reached skill level 7 in Maces & Flails
  4266 | D:5      | Upgraded the game from 0.23-a0-378-gd7a6ca6 to
                  | 0.23-a0-395-gcf17ac6
  4341 | D:5      | Found a snail-covered altar of Cheibriados.
  4471 | D:5      | Reached XP level 8. HP: 49/49 MP: 8/8
  5063 | D:6      | Reached skill level 8 in Maces & Flails
  5207 | D:6      | Found a bloodstained altar of Trog.
  5215 | D:6      | Noticed Menkaure
  5242 | D:6      | Mangled by Menkaure

Vault maps used:
D:1:      sevenhm_arrival_forest_fort_large_1
D:2:      tso_altar, grunt_gozag_statues, first_ration
D:3:      kennysheep_six_static_rooms, kennysheep_okawaru_gauntlet, uniq_robin,
          uniq_crazy_yiuf_cottage, uniq_terence
D:4:      kennysheep_little_box, lemuel_coloured_pillars_altar
D:5:      cheibrodos_worm_habitat
D:6:      minmay_cornered_nines, grunt_temple_overflow_growth_and_decay,
          kennysheep_nondescript, trog_three_pillars_becter, uniq_menkaure

Skill      XL: |  1  2  3  4  5  6  7  8 |
---------------+-------------------------+-----
Maces & Flails | 3 4 5 6 7 8 |  8.1
Fighting       | 4 5 |  5.9
Shields        | 4 |  4.0
Armour         | 4 |  4.7

Action                   |  1- 3 |  4- 6 |  7- 9 || total
-------------------------+-------+-------+-------++-------
Melee: Flail             |   153 |   200 |       ||   353
       Morningstar       |       |   103 |   164 ||   267
       Whip              |       |       |     1 ||     1
Throw: Stone             |     4 |    31 |     6 ||    41
  Use: Scroll            |       |     2 |     4 ||     6
       Potion            |       |       |     1 ||     1
 Stab: Sleeping          |       |     2 |     3 ||     5
  Eat: Chunk             |     2 |     7 |     6 ||    15
Armor: Scale mail        |    33 |       |       ||    33
       Ring mail         |    29 |   168 |    30 ||   227
       Leather armour    |       |       |    55 ||    55
Dodge: Dodged            |    78 |   193 |    84 ||   355
Block: Shield            |    32 |       |       ||    32
       Buckler           |    18 |    79 |    47 ||   144

Table legend:
 A = Non-vault XP
 B = Vault XP
 C = Vault XP percentage of total XP
 D = Non-vault monster count
 E = Vault monster count
 F = Vault count percentage of total count
                 A         B        C        D         E       F
            +---------+---------+-------+---------+---------+-------
      Total |    1600 |     126 |   7.3 |     119 |      23 |  16.2
            +---------+---------+-------+---------+---------+-------
        D:1 |      43 |       5 |  10.4 |      25 |       4 |  13.8
        D:2 |     110 |       0 |   0.0 |      30 |       0 |   0.0
        D:3 |     151 |     116 |  43.4 |      24 |      18 |  42.9
        D:4 |     572 |       0 |   0.0 |      19 |       0 |   0.0
        D:5 |     428 |       5 |   1.2 |      11 |       1 |   8.3
        D:6 |     296 |       0 |   0.0 |      10 |       0 |   0.0
            +---------+---------+-------+---------+---------+-------
